 Dungeon Crawl Stone Soup version 0.21.1-1-g345015fe64 (webtiles) character file.

101707 RaHiT the Cleaver (level 16, -2/139 HPs)
             Began as a Ghoul Artificer on Apr 17, 2018.
             Was a High Priest of Okawaru.
             Slain by a stone giant (22 damage)
             ... on level 2 of the Orcish Mines.
             The game lasted 02:38:55 (21950 turns).

RaHiT the Cleaver (Ghoul Artificer)                Turns: 21950, Time: 02:38:55

Health: -2/139     AC: 31    Str: 23    XL:     16   Next: 31%
Magic:  24/24      EV:  5    Int:  9    God:    Okawaru [*****.]
Gold:   2372       SH:  0    Dex:  9    Spells: 15/15 levels left

rFire    + . .     SeeInvis .   D - +1 executioner's axe (flame)
rCold    + + +     Gourm    .   (shield currently unavailable)
rNeg     + + +     Faith    .   h - +2 crystal plate armour of the Good {MR+ Regen+}
rPois    ∞         Spirit   .   G - +0 helmet
rElec    +         Reflect  .   w - +0 cloak
rCorr    .         Harm     .   t - +2 pair of gloves {archery}
MR       ++...                  M - +1 pair of boots
Stlth    ..........             O - amulet of regeneration
HPRegen  0.00/turn              I - ring of protection from fire
MPRegen  0.19/turn              J - ring "Juhec" {*Slow rElec rC+++ rN+ Int+3}

@: rotting
A: rotting body, claws 1, carnivore, cold resistance 1, negative energy
resistance 3, inhibited regeneration, torment resistance, unbreathing
a: Heroism, Finesse, Renounce Religion


You were on level 2 of the Orcish Mines.
You worshipped Okawaru.
Okawaru was extremely pleased with you.
You were not hungry.

You visited 3 branches of the dungeon, and saw 23 of its levels.
You also visited: Labyrinth and Ice Cave.

You collected 2372 gold pieces.

Inventory:

Hand Weapons
 D - a +1 executioner's axe of flaming (weapon)
 R - the +8 executioner's axe of the Onslaught {drain, Dex+2}
   (Okawaru gifted it to you on level 2 of the Lair of Beasts)

   A truly terrible weapon, it drains the life of those it strikes.
   It affects your dexterity (+2).
Missiles
 m - 12 javelins of penetration
 n - 2 throwing nets {!f}
 P - 4 javelins of returning
 Z - 5 poisoned tomahawks (quivered)
Armour
 h - the +2 crystal plate armour of the Good (worn) {MR+ Regen+}
   (Okawaru gifted it to you on level 12 of the Dungeon)

   It affects your resistance to hostile enchantments.
   It increases your rate of regeneration.
 t - a +2 pair of gloves of archery (worn)
 w - a +0 cloak (worn)
 G - a +0 helmet (worn)
 M - a +1 pair of boots (worn)
Jewellery
 I - a ring of protection from fire (left hand)
 J - the ring "Juhec" (right hand) {*Slow rElec rC+++ rN+ Int+3}
   (You found it in a labyrinth)

   [ring of positive energy]

   It affects your intelligence (+3).
   It renders you almost immune to cold.
   It insulates you from electricity.
   It protects you from negative energy.
   It may slow you when you take damage.
 O - an amulet of regeneration (around neck)
 T - an uncursed ring of fire
Wands
 a - a wand of iceblast (41)
 c - a wand of flame (9)
 d - a wand of enslavement (17)
 r - a wand of polymorph (16)
 v - a wand of acid (34)
 K - a wand of clouds (7)
 Q - a wand of digging (30)
 S - a wand of paralysis (12)
 X - a wand of random effects (80)
 Y - a wand of disintegration (9)
Scrolls
 e - a scroll of blinking
 j - 5 scrolls of fog
 k - 4 scrolls of immolation
 o - 3 scrolls of summoning
 s - 4 scrolls of enchant weapon
 u - 8 scrolls of teleportation
 x - 8 scrolls of remove curse
 y - a scroll of torment
 A - a scroll of identify
 L - a scroll of enchant armour
 N - 3 scrolls of magic mapping
 W - a scroll of fear
Potions
 g - 2 potions of agility
 i - 8 potions of curing
 l - a potion of invisibility
 p - 4 potions of cancellation
 z - 7 potions of heal wounds
 C - 2 potions of haste
 E - 4 potions of might
 F - 2 potions of flight
 U - a potion of resistance
 V - 3 potions of brilliance
Miscellaneous
 b - a lamp of fire
 q - a lightning rod (3/4)
 B - a box of beasts
Comestibles
 f - 45 rations
 H - 8 chunks of flesh


   Skills:
 - Level 12.0 Fighting
   Level 0.8 Short Blades
 + Level 12.2 Axes
 * Level 11.4 Throwing
 * Level 10.0 Armour
 - Level 2.0 Dodging
 - Level 1.1 Stealth
 - Level 12.0 Invocations
 * Level 11.7 Evocations


You had 15 spell levels left.
You didn't know any spells.

Dungeon Overview and Level Annotations

Branches:
Dungeon (15/15)            Temple (0/1) D:4            Lair (6/6) D:11
  Swamp (0/4) Lair:2       Spider (0/4) Lair:4        Slime (0/5) Lair:6
    Orc (2/2) D:12         Vaults (0/5) D:14         Depths (0/5) D:15
    Elf: Orc:2

Altars:
Gozag
Hepliaklqana
Kikubaaqudgha
Okawaru
Trog
Yredelemnul
The Shining One
Beogh
Jiyva

Shops:
D:4 =   D:10 }   Orc:2 [:


Innate Abilities, Weirdness & Mutations

Your body is rotting away.
You thrive on raw meat.
You are immune to poison.
You have sharp fingernails.
You are carnivorous and can eat meat at any time.
Your flesh is cold resistant. (rC+)
You are immune to negative energy. (rN+++)
You do not regenerate when monsters are visible.
You are immune to unholy pain and torment.
You can survive without breathing.


Message History

Eat one of 10 chunks of flesh? (ye/n/q)
You eat one of the 10 chunks of flesh.
This raw flesh tastes great!
The orc hits you but does no damage.
The stone giant hits you but does no damage.
Eat one of 9 chunks of flesh? (ye/n/q)
You eat one of the 9 chunks of flesh.
This raw flesh tastes great!
The orc barely misses you. The stone giant hits you!!
* * * LOW HITPOINT WARNING * * *
You feel much better. The orc hits you but does no damage.
The stone giant hits you but does no damage.
Your crystal plate armour of the Good prevents you from hitting the stone giant.
The stone giant is heavily wounded.
You slash the orc! You burn the orc.
You kill the orc!
The stone giant hits you!
* * * LOW HITPOINT WARNING * * *
You slice the stone giant!! You burn the stone giant.
The stone giant is almost dead.
The stone giant hits you!!
You die...

#...##.###....
##..... # #..(##.#
....# ##....)#
#.#####'###.###..###
#....(.#
#........)....# #.
#.....#)
####....##)##.#
##....))
#...)#...#.###
#....))
+....#.=.#...
#......
####.#####C##
#...... #....(..[@.#
###......
#.####.((..#
#8....... .. #..⌠..#
'........ ## #.....#
#8....... #........
###...... #.#####.#
#...... ..# ...
#...#). .#.# ...
##..##. ..#.# .. #..
#.


You could see a stone giant.

Vanquished Creatures
  Rupert (Lair:6)
  Gastronok (Lair:2)
  Kirke (D:12)
  An orc warlord (Orc:2)
  4 dire elephants (Lair:6)
  The ghost of DildoBatman the Bewitcher, a journeyman FoEn of Sif Muna (Orc:2)
  A minotaur (Lab)
  The ghost of P0ring the Cleaver, a journeyman MiBe of Trog (D:10)
  Fannar (D:12)
  3 vault guards (D:14)
  9 hydras
  A catoblepas (Lair:3)
  4 centaur warriors
  6 two-headed ogres
  An anaconda (Lair:6)
  A titan zombie (D:15)
  Sonja (Orc:2)
  A fire crab (Lair:5)
  2 wizards (D:14)
  2 skeletal warriors (D:15)
  6 unseen horrors
  A deep elf mage (D:15)
  4 necromancers
  A phantasmal warrior (D:15)
  7 orc knights
  11 ugly things
  2 frost giant zombies (D:15)
  An orc sorcerer (Orc:2)
  A shining eye (shapeshifter) (D:13)
  3 cyclopes
  9 elephants
  A manticore (D:15)
  2 oklob plants (Lair:3)
  A centaur zombie (D:15)
  4 black mambas
  2 ice statues
  11 spiny frogs
  2 torpor snails
  3 kobold demonologists
  An efreet (D:13)
  12 freezing wraiths
  A rime drake (Lair:4)
  4 yaktaurs
  3 komodo dragons
  6 trolls
  Prince Ribbit (D:6)
  A hornet (Lair:4)
  10 dream sheep
  23 blink frogs
  12 hippogriffs
  An ice dragon skeleton (D:15)
  Sigmund (D:4)
  A spriggan (Lair:3)
  2 water elementals (D:15)
  A wraith (D:15)
  2 redbacks (Lab)
  4 fire bats (D:10)
  A vampire (D:14)
  40 yaks
  2 wyverns (Lair:3)
  A human (shapeshifter) (Lair:4)
  3 hogs (D:12)
  16 humans (D:14)
  A basilisk (D:11)
  4 hungry ghosts
  Eustachio (D:6)
  2 death yak simulacra (IceCv)
  Menkaure (D:4)
  2 wargs (Orc:1)
  Edmund (D:4)
  9 porcupines
  A hell hound (D:10)
  Duvessa (D:6)
  8 water moccasins
  A hornet zombie (D:12)
  21 orc warriors
  3 phantoms
  2 black bears
  8 ice beasts
  6 sky beasts
  A necrophage (D:10)
  2 eyes of draining
  11 ogres
  7 wolves (Lair:6)
  10 centaurs
  15 crocodiles
  16 big kobolds
  14 bullfrogs
  2 gnoll sergeants
  Dowan (D:6)
  3 wyvern skeletons
  An elephant simulacrum (IceCv)
  2 scorpions
  10 wights
  5 howler monkeys
  2 troll skeletons (Lab)
  3 electric eels
  2 lava snakes (D:10)
  9 crimson imps
  2 bullfrog zombies
  2 draconian simulacra (IceCv)
  A quasit (D:7)
  4 hounds
  2 jellies
  14 orc priests
  A bullfrog skeleton (D:7)
  20 orc wizards
  4 centaur skeletons
  5 iguanas
  3 spriggan simulacra (IceCv)
  5 troll simulacra (IceCv)
  10 worker ants
  A polar bear simulacrum (IceCv)
  4 centaur simulacra (IceCv)
  An ogre skeleton (Lab)
  A hound skeleton (D:7)
  4 adders
  16 gnolls
  2 howler monkey skeletons
  5 naga simulacra (IceCv)
  An ogre simulacrum (IceCv)
  6 shadow imps
  24 white imps
  An ooze (D:2)
  An adder skeleton (D:9)
  4 worms
  2 dart slugs (D:2)
  87 orcs
  4 ball pythons
  7 giant cockroaches
  6 hobgoblins
  3 jackals (D:2)
  13 kobolds
  3 quokkas
  7 bats
  2 frilled lizards (D:1)
  8 goblins
  6 rats
  2 fire vortices (D:10)
  4 fungi
  19 plants
  2 withered plants (D:15)
771 creatures vanquished.

Vanquished Creatures (collateral kills)
  Blork the orc (D:6)
1 creature vanquished.

Vanquished Creatures (others)
  A spiny frog (Lair:6)
  A human (D:12)
  A big kobold (D:8)
  An iguana (D:13)
  2 bushes (Lair:2)
  A fire vortex (D:10)
  18 fungi
  14 plants
  A withered plant (D:15)
40 creatures vanquished.

Grand Total: 812 creatures vanquished

Notes
Turn   | Place    | Note
-------+----------+-------------------------------------------
     0 | D:1      | RaHiT the Ghoul Artificer began the quest for the Orb.
     0 | D:1      | Reached XP level 1. HP: 16/16 MP: 1/1
   234 | D:1      | Reached XP level 2. HP: 20/23 MP: 3/3
   932 | D:2      | Found an ancient bone altar of Kikubaaqudgha.
  1054 | D:2      | Reached skill level 1 in Throwing
  1068 | D:2      | Reached XP level 3. HP: 29/29 MP: 4/4
  1103 | D:2      | Found an iron altar of Okawaru.
  1116 | D:2      | Became a worshipper of Warmaster Okawaru
  1212 | D:2      | Found a basalt altar of Yredelemnul.
  1290 | D:2      | Found a bloodstained altar of Trog.
  1421 | D:2      | Reached skill level 1 in Axes
  1422 | D:2      | Reached XP level 4. HP: 36/36 MP: 5/5
  1748 | D:3      | Found an opulent altar of Gozag.
  1830 | D:3      | Reached XP level 5. HP: 41/41 MP: 6/6
  2342 | D:4      | Noticed an ogre
  2350 | D:4      | Killed an ogre
  2466 | D:4      | Found a staircase to the Ecumenical Temple.
  2511 | D:4      | Found Ucuts's Jewellery Emporium.
  2537 | D:4      | Reached XP level 6. HP: 22/48 MP: 7/7
  2563 | D:4      | Got a faintly humming ring mail
  2596 | D:4      | Identified the +8 ring mail "Deazor" {MR+} (You found it on level 4 of the Dungeon)
  2688 | D:4      | Noticed Menkaure
  2696 | D:4      | Killed Menkaure
  2696 | D:4      | Reached * piety under Okawaru
  3051 | D:4      | Noticed Sigmund
  3061 | D:4      | Killed Sigmund
  3061 | D:4      | Reached skill level 5 in Axes
  3061 | D:4      | Reached XP level 7. HP: 55/55 MP: 8/8
  3100 | D:5      | Entered Level 5 of the Dungeon
  3195 | D:5      | Noticed Edmund
  3518 | D:4      | HP: 1/55 [Edmund/flail of holy wrath (12)]
  3529 | D:4      | Killed Edmund
  3529 | D:4      | Reached ** piety under Okawaru
  3529 | D:4      | Reached skill level 1 in Invocations
  4358 | D:6      | Noticed Blork the orc
  4365 | D:6      | Killed Blork the orc
  4452 | D:6      | Reached XP level 8. HP: 55/61 MP: 9/9
  4685 | D:6      | Reached skill level 5 in Fighting
  4955 | D:6      | Reached *** piety under Okawaru
  5061 | D:6      | Got a fabulously ornate robe
  5108 | D:6      | Noticed Duvessa
  5108 | D:6      | Noticed Dowan
  5121 | D:6      | Killed Duvessa
  5125 | D:6      | Killed Dowan
  5125 | D:6      | Reached skill level 5 in Throwing
  5230 | D:6      | Noticed Eustachio
  5264 | D:6      | Killed Eustachio
  5264 | D:6      | Reached skill level 1 in Armour
  5283 | D:6      | Noticed Prince Ribbit
  5290 | D:6      | Killed Prince Ribbit
  5290 | D:6      | Reached XP level 9. HP: 74/74 MP: 7/10
  5902 | D:7      | Reached **** piety under Okawaru
  6637 | D:8      | Reached skill level 5 in Armour
  6698 | D:8      | Received a gift from Okawaru
  6746 | D:8      | Reached XP level 10. HP: 51/80 MP: 11/11
  6878 | D:8      | Noticed a two-headed hydra
  6885 | D:8      | Killed a one-headed hydra
  6885 | D:8      | Reached ***** piety under Okawaru
  6885 | D:8      | Received a gift from Okawaru
  7742 | D:9      | Found a hazy altar of Hepliaklqana.
  7825 | D:9      | Identified the +1 robe "Iloan" {MR+} (You found it on level 6 of the Dungeon)
  8022 | D:9      | Received a gift from Okawaru
  8217 | D:10     | Entered Level 10 of the Dungeon
  8223 | D:10     | Noticed a two-headed ogre
  8237 | D:10     | Killed a two-headed ogre
  8237 | D:10     | Received a gift from Okawaru
  8237 | D:10     | Reached skill level 5 in Invocations
  8260 | D:10     | Got a shimmering chain mail {god gift}
  8275 | D:10     | Identified the +1 chain mail of Untold Secrets {Str+3} (Okawaru gifted it to you on level 10 of the Dungeon)
  8433 | D:10     | Found Ytidweun's Gadget Boutique.
  8450 | D:10     | Reached XP level 11. HP: 80/89 MP: 14/14
  8599 | D:10     | Reached skill level 5 in Evocations
  8781 | D:10     | Killed an unseen horror
  8962 | D:10     | Got a turquoise-encrusted leather armour
  8974 | D:10     | Identified the +1 leather armour of Immorality {*Contam Str+4} (You found it on level 10 of the Dungeon)
  9495 | D:10     | Noticed P0ring's ghost (journeyman MiBe)
  9503 | D:10     | Killed P0ring's ghost
  9717 | D:11     | Found a staircase to the Lair.
  9914 | D:11     | Received a gift from Okawaru
 10063 | D:11     | Reached skill level 10 in Axes
 10075 | D:11     | Got a pitted ring mail
 10091 | D:11     | Identified the +7 ring mail "Zait" {rC+ rN+} (You found it on level 11 of the Dungeon)
 10238 | D:11     | Got a slimy battleaxe
 10239 | D:11     | Identified the +9 battleaxe of Light {drain, +Fly} (You found it on level 11 of the Dungeon)
 10360 | D:11     | Received a gift from Okawaru
 10388 | D:11     | Reached XP level 12. HP: 81/96 MP: 16/16
 10577 | D:11     | Found a glowing golden altar of the Shining One.
 10691 | D:12     | Noticed Fannar
 10707 | D:12     | Killed Fannar
 10888 | D:12     | Found a staircase to the Orcish Mines.
 11024 | D:12     | Noticed Kirke
 11036 | D:12     | Killed Kirke
 11036 | D:12     | Received a gift from Okawaru
 11093 | D:12     | Identified the +2 crystal plate armour of the Good {MR+ Regen+} (Okawaru gifted it to you on level 12 of the Dungeon)
 11297 | D:12     | Noticed a two-headed ogre
 11306 | D:12     | Killed a two-headed ogre
 11332 | D:12     | Reached ****** piety under Okawaru
 11439 | Lair:1   | Entered Level 1 of the Lair of Beasts
 11735 | Lair:1   | Noticed a five-headed hydra
 11748 | Lair:1   | Killed a one-headed hydra
 12300 | Lair:2   | Noticed Gastronok
 12320 | Lair:2   | Killed Gastronok
 12320 | Lair:2   | Reached XP level 13. HP: 85/107 MP: 11/18
 12373 | Lair:2   | Received a gift from Okawaru
 12382 | Lair:2   | Found a labyrinth entrance.
 12497 | Lair:2   | Found a staircase to the Swamp.
 12543 | Lab      | Entered a labyrinth
 12649 | Lab      | Received a gift from Okawaru
 12788 | Lab      | Noticed a minotaur
 12796 | Lab      | Killed a minotaur
 12830 | Lab      | Got an ancient silver ring
 12831 | Lab      | Identified the ring "Juhec" {*Slow rElec rC+++ rN+ Int+3} (You found it in a labyrinth)
 12885 | Lair:2   | Received a gift from Okawaru
 12898 | Lair:2   | Got a scorched executioner's axe {god gift}
 12899 | Lair:2   | Identified the +8 executioner's axe of the Onslaught {drain, Dex+2} (Okawaru gifted it to you on level 2 of the Lair of Beasts)
 13506 | Lair:3   | Received a gift from Okawaru
 13856 | Lair:3   | Received a gift from Okawaru
 14419 | Lair:3   | Found a runed door.
 14427 | Lair:3   | Received a gift from Okawaru
 14737 | Lair:4   | Found a hole to the Spider Nest.
 14749 | Lair:4   | Reached XP level 14. HP: 85/118 MP: 20/20
 14853 | Lair:4   | Reached skill level 10 in Invocations
 14927 | Lair:4   | You fall through a shaft!
 14989 | Lair:5   | Found a frozen archway.
 15009 | IceCv    | Entered an ice cave
 15236 | IceCv    | Received a gift from Okawaru
 15284 | IceCv    | Found an ancient bone altar of Kikubaaqudgha.
 16472 | Lair:4   | Reached skill level 10 in Evocations
 17169 | Lair:6   | Entered Level 6 of the Lair of Beasts
 17170 | Lair:6   | Found a viscous altar of Jiyva.
 17180 | Lair:6   | Found a staircase to the Slime Pits.
 17231 | Lair:6   | Reached skill level 10 in Fighting
 17371 | Lair:6   | Noticed Rupert
 17390 | Lair:6   | Killed Rupert
 17415 | Lair:6   | Received a gift from Okawaru
 17419 | Lair:6   | Identified the +1 dagger "Reli Vipna" {pierce, rF- Dex+6} (Okawaru gifted it to you on level 6 of the Lair of Beasts)
 18226 | Lair:6   | Noticed a dire elephant
 18226 | Lair:6   | Noticed a dire elephant
 18228 | Lair:6   | Noticed a dire elephant
 18263 | Lair:6   | Killed a dire elephant
 18263 | Lair:6   | Received a gift from Okawaru
 18263 | Lair:6   | Reached skill level 10 in Throwing
 18268 | Lair:6   | Killed a dire elephant
 18272 | Lair:6   | Killed a dire elephant
 18272 | Lair:6   | Reached XP level 15. HP: 97/126 MP: 16/22
 19006 | D:13     | Received a gift from Okawaru
 19167 | D:14     | Received a gift from Okawaru
 19486 | D:14     | Received a gift from Okawaru
 19776 | D:14     | Identified the +8 falchion of the Beds {slice, rF+ rN++} (You took it off a vault guard on level 14 of the Dungeon)
 19802 | D:14     | Identified a scroll of acquirement
 19811 | D:14     | Found a gate to the Vaults.
 19892 | D:14     | Identified the +9 shortbow "Nettev" {flame, rPois} (You took it off a vault guard on level 14 of the Dungeon)
 19970 | D:15     | Entered Level 15 of the Dungeon
 20176 | D:15     | Received a gift from Okawaru
 20267 | D:15     | Received a gift from Okawaru
 20323 | D:15     | Received a gift from Okawaru
 20465 | D:15     | Found a staircase to the Depths.
 20485 | D:15     | Reached XP level 16. HP: 127/139 MP: 24/24
 20537 | D:15     | Received a gift from Okawaru
 20997 | Orc:1    | Entered Level 1 of the Orcish Mines
 21374 | Orc:2    | Entered Level 2 of the Orcish Mines
 21376 | Orc:2    | Noticed DildoBatman's ghost (journeyman FoEn)
 21400 | Orc:2    | Killed DildoBatman's ghost
 21474 | Orc:2    | Noticed Sonja
 21484 | Orc:2    | Killed Sonja
 21633 | Orc:2    | Found Hoebb's Book Emporium.
 21656 | Orc:2    | Found Ollellat's Antique Armour Shoppe.
 21695 | Orc:2    | Found a roughly hewn altar of Beogh.
 21819 | Orc:2    | Reached skill level 10 in Armour
 21950 | Orc:2    | Slain by a stone giant

Skill      XL: |  1  2  3  4  5  6  7  8  9 10 11 12 13 14 15 16 |
---------------+-------------------------------------------------+-----
Dodging        | 2 |  2.0
Evocations     | 3 4 7 9 10 11 | 11.7
Throwing       | 1 2 3 5 6 7 9 10 11 | 11.4
Fighting       | 2 3 5 6 7 9 10 11 12 | 12.0
Axes           | 1 2 3 5 7 9 10 11 12 | 12.2
Invocations    | 3 5 7 9 11 12 | 12.0
Armour         | 2 6 8 9 10 | 10.0
Short Blades   | |  0.8
Stealth        | |  1.1

Action                   |  1- 3 |  4- 6 |  7- 9 | 10-12 | 13-15 | 16-18 || total
-------------------------+-------+-------+-------+-------+-------+-------++-------
Melee: Unarmed           |   112 |       |       |       |       |       ||   112
       Hand axe          |    45 |    89 |   336 |   354 |       |       ||   824
       War axe           |       |       |    60 |       |       |       ||    60
       Punch             |       |       |     1 |       |       |       ||     1
       Battleaxe         |       |       |       |   190 |   194 |       ||   384
       Executioner's axe |       |       |       |       |   789 |   215 ||  1004
Throw: Stone             |    44 |    22 |    58 |    23 |       |       ||   147
       Javelin           |     3 |     6 |    24 |   153 |    96 |       ||   282
       Tomahawk          |       |       |    24 |    77 |   116 |     3 ||   220
Invok: Heroism           |       |       |     5 |     3 |     3 |     4 ||    15
       Finesse           |       |       |       |     3 |     3 |     4 ||    10
Evoke: Wand              |     2 |     9 |     9 |    10 |    53 |     9 ||    92
       Lamp of fire      |       |       |       |     2 |     4 |       ||     6
       Lightning rod     |       |       |       |       |     3 |     2 ||     5
  Use: Scroll            |       |     6 |     4 |     7 |    18 |       ||    35
       Potion            |       |       |     9 |     4 |     1 |     1 ||    15
 Stab: Paralysed         |       |       |       |     7 |       |     6 ||    13
  Eat: Chunk             |    15 |    11 |    27 |    66 |   131 |    34 ||   284
       Ration            |       |       |       |       |     1 |       ||     1
Armor: Leather armour    |    32 |       |       |       |       |       ||    32
       Ring mail         |    28 |    25 |   240 |   224 |       |       ||   517
       Crystal plate arm |       |       |       |    74 |  1432 |   246 ||  1752
Dodge: Dodged            |    99 |    48 |   204 |   223 |   291 |   116 ||   981
